 Dungeon Crawl Stone Soup version 0.31-a0-986-g5e6e4ef867 (webtiles) character file.

Game seed: 17557807692443385650

2 voltaire321 the Ducker (level 1, 16/16 HPs)
             Began as a Merfolk Gladiator on Nov 6, 2023.
             Quit the game on level 1 of the Dungeon.
             The game lasted 00:01:56 (113 turns).

voltaire321 the Ducker (Merfolk Gladiator)           Turns: 113, Time: 00:01:56

Health: 16/16      AC:  4    Str: 14    XL:     1   Next: 30%
Magic:  1/1        EV: 18    Int:  7    God:
Gold:   0          SH:  0    Dex: 15    Spells: 0/0 levels left

rFire   . . .        f - +1 long sword (flame)
rCold   . . .        (no shield)
rNeg    . . .        b - +0 leather armour
rPois   .            c - +0 helmet
rElec   .            (no cloak)
rCorr   .            (no gloves)
SInv    .            (no boots)
Will    .....        (no amulet)
Stlth   +            g - +5 ring of evasion
HPRegen 0.22/turn    (no ring)
MPRegen 0.07/turn

%: no passive effects
@: no status effects
A: (nimble swimmer 2), mertail
a: no special abilities


You were on level 1 of the Dungeon.
You visited 1 branch of the dungeon, and saw 1 of its levels.

Inventory:

Hand Weapons
 a - a +0 trident
 f - a +1 long sword of flaming (weapon)
Missiles
 d - 3 throwing nets (quivered)
 e - a javelin
Armour
 b - a +0 leather armour (worn)
 c - a +0 helmet (worn)
Jewellery
 g - a +5 ring of evasion (left hand)


   Skills:
 + Level 2.2 Fighting
 + Level 4.0 Polearms
 - Level 2.0 Throwing
 + Level 0.0 Armour
 + Level 4.0 Dodging


You couldn't memorise any spells.
You didn't know any spells.
Your spell library was empty.

Dungeon Overview and Level Annotations

Branches:
Dungeon (1/15)

Altars:


Innate Abilities, Weirdness & Mutations

((You are very nimble when in or above water. (Stealth+, EV+, Speed+++)))
Your lower body shifts to a powerful aquatic tail in water.


Message History

You hit the kobold.
You kill the kobold!
Found a dagger.
There is an open door here.
Things that are here:
a +0 short sword; 3 stones; a kobold corpse As you open the door, it creaks loudly!
Found 6 stones.
You see here a +0 dagger.
Found a dagger.
Found a chain mail.
A rat comes into view.
The rat barely misses you.
You see here a +0 chain mail.
You hit the rat.
You kill the rat!
You see here a rat corpse.
Found a robe.
Found 6 gold pieces.
Found a large diamond ring.
You see here a +1 long sword of flaming.
f - a +1 long sword of flaming Your +1 long sword of flaming bursts into flame!
f - a +1 long sword of flaming (weapon)
Found 5 stones.
g - a +5 ring of evasion
g - a +5 ring of evasion (left hand) Unknown command.
Unknown command.
Unknown command.
Unknown command.
Unknown command.
Enter note: Your movement speed is average.
Your attack delay is about 1.4.
Your damage rating with your +1 long sword of flaming is about 12 (Base 10 x 112% (Dex) x 103% (Skill) + 1 (Ench)).
Unknown command.
You aren't carrying any potions.
Unknown command.
Unknown command.
Are you sure you want to abandon this character and quit the game? (Confirm with "yes".)

... #......#.##..###)#..
.... ...).##.#.###.###.###
.....#### #[#.+.....'.)..
.....#### #†#.#+#.#####+#
......[.####.#.. #.#.....#
.............#.# #.....#
........#####..# ###..>..#
.$..........#.## #.#..<..#
.........@(.#.. #.'.....#
##.##...#####.##+#.#######
# #...# ..+.....+.#..
##### #.####'###.###
#.............
##############


There were no monsters in sight!

Vanquished Creatures
  A frilled lizard (D:1)
  A kobold (D:1)
  A rat (D:1)
3 creatures vanquished.

Notes
Turn   | Place    | Note
-------+----------+-------------------------------------------
     0 | D:1      | voltaire321 the Merfolk Gladiator began the quest for the
                  | Orb.
     0 | D:1      | Reached XP level 1. HP: 16/16 MP: 1/1
   113 | D:1      | Quit the game

Illustrated notes

Levels and vault maps discovered:
D:1:      shiori_arrival_maze, layout_basic, minmay_misc_feat_enclosed

Action                     || total
---------------------------++-------
  Melee: Trident           ||     5
 Armour: Leather armour    ||     2
  Dodge: Dodged            ||     2

Table legend: (Time is in decaauts)
 A = Elapsed time spent in this place.
 B = Non-inter-level travel time spent in this place.
 C = Inter-level travel time spent in this place.
 D = Time resting spent in this place.
 E = Time spent auto-exploring this place.
 F = Levels seen in this place.
 G = Mean time per level.
                   A        B        C        D        E       F      G
               +--------+--------+--------+--------+--------+-----+--------+
         Total |    112 |    112 |      0 |      0 |     81 |   1 |  112.0 |
       Dungeon |    112 |    112 |      0 |      0 |     81 |   1 |  112.0 |
               +--------+--------+--------+--------+--------+-----+--------+

Top non-repeatable levels by time:
     D:1: 112 daAuts
